 Dungeon Crawl Stone Soup version 0.31-a0-166-g46f44d267d (webtiles) character file.

Game seed: 14366308340249150835

207 qw the Chopper (level 5, -3/33 HPs)
             Began as a Gargoyle Fighter on June 13, 2023.
             Killed by divine providence
             ... invoked by an orc priest
              (14 damage)
             ... on level 3 of the Dungeon.
             The game lasted 00:01:11 (2113 turns).

qw the Chopper (Gargoyle Fighter)                   Turns: 2113, Time: 00:01:12

Health: -3/33      AC: 19    Str: 21    XL:     5   Next: 85%
Magic:  5/5        EV:  5    Int:  9    God:
Gold:   136        SH:  4    Dex:  9    Spells: 4/4 levels left

rFire   . . .        Y - +0 war axe
rCold   . . .        c - +0 buckler
rNeg    + . .        g - +0 plate armour
rPois   inf          (no helmet)
rElec   +            k - +0 cloak
rCorr   .            (no gloves)
SInv    .            l - +2 pair of boots
Will    .....        (no amulet) Stlth
                     (no ring)
HPRegen 0.25/turn    (no ring)
MPRegen 0.09/turn

%: no passive effects
@: no status effects
A: sickness immunity, AC +4, negative energy resistance 1, electricity
resistance, torment resistance 1, petrification resistance
a: no special abilities


You were on level 3 of the Dungeon.
You visited 1 branch of the dungeon, and saw 3 of its levels.

You collected 136 gold pieces.


Innate Abilities, Weirdness & Mutations

You are immune to sickness and miasma.
Your stone body is resilient. (AC +4)
You are immune to poison.
You resist negative energy. (rN+)
You are resistant to electric shocks. (rElec)
You are resistant to unholy torment.
You are immune to petrification.


   Skills:
 - Level 4.0 Fighting
 + Level 5.0 Axes
 - Level 3.2 Armour
 - Level 3.2 Shields


You had 4 spell levels left.
You didn't know any spells.
Your spell library was empty.

Inventory:

Hand Weapons
 f - a +0 flail
 Y - a +0 war axe (weapon)
Missiles
 e - a boomerang (quivered)
Armour
 c - a +0 buckler (worn)
 g - a +0 plate armour (worn)
 k - a +0 cloak (worn)
 l - a +2 pair of boots (worn)
Jewellery
 m - a ring of resist corrosion
Scrolls
 a - a scroll of revelation {unknown}
 b - a scroll of noise {unknown}
 j - a scroll of identify
Potions
 d - a potion of might
 h - a potion of enlightenment {unknown}
 i - a potion of curing {unknown}
 n - a potion of brilliance {unknown}

Dungeon Overview and Level Annotations

Branches:
Dungeon (3/15)

Altars:


Message History

You completely miss the orc.
An orc comes into view. It is wielding a +0 dagger.
The orc barely misses you.
You barely miss the orc priest. You hit the orc. You barely miss the orc.
The orc priest hits you but does no damage.
The orc hits you with a +0 club. The orc hits you but does no damage.
You hit the orc.
You kill the orc!
You hit the orc priest. You hit the orc.
The orc hits you from afar with a +0 trident.
The orc priest closely misses you. The orc hits you but does no damage.
Your Fighting skill increases to level 4!
You slash the orc!
You kill the orc!
You barely miss the orc priest. The orc hits you but does no damage.
The orc priest mumbles some strange prayers to Beogh against you.
Beogh smites you! You block the orc priest's attack.
The orc hits you but does no damage.
You barely miss the orc priest. The orc hits you but does no damage.
The orc priest hits you but does no damage.
You barely miss the orc priest. You completely miss the orc.
The orc hits you but does no damage. x2; You block the orc priest's attack.
You barely miss the orc priest. You closely miss the orc.
The orc hits you but does no damage.
The orc priest hits you with a +0 hand axe.
The orc hits you but does no damage. The orc priest barely misses you.
The orc hits you from afar with a +0 trident.
You hit the orc priest.
The orc priest is lightly wounded.
You slash the orc!
You kill the orc!
You block the orc's attack. The orc priest barely misses you.
You slash the orc priest!
The orc priest is severely wounded.
The orc barely misses you.
The orc priest invokes the aid of Beogh against you.
Beogh smites you!
You die...

#.# #
##.#..#.#.....# ..#
#.#....#.##.####.##
### #.#.##'#....#
#.#
............####.##
..................#
............##.####
............##.#
............##.#
#+####o@)......#
#))######.# ....o#
#.# ###..# #.# ....
..# ##..# ### ....
#..#


You could see an orc priest and an orc.

Vanquished Creatures
  An orc priest (D:3)
  Jessica (D:3)
  3 adders
  4 gnolls (D:2)
  2 dart slugs
  8 orcs (D:3)
  3 ball pythons
  2 bats
  8 endoplasms
  3 giant cockroaches
  6 hobgoblins
  8 jackals
  3 kobolds (D:2)
  6 quokkas
  3 frilled lizards
  3 goblins (D:1)
  4 rats
68 creatures vanquished.

Notes
Turn   | Place    | Note
-------+----------+-------------------------------------------
     0 | D:1      | qw the Gargoyle Fighter began the quest for the Orb.
     0 | D:1      | Reached XP level 1. HP: 14/14 MP: 1/1
     0 | D:1      | 0 ||| qw: Version: 0.2-a-29-gc1b59c4
     0 | D:1      | 0 ||| qw: Game counter: 4840
     0 | D:1      | 0 ||| qw: Always use a shield: true
     0 | D:1      | 0 ||| qw: God list: Okawaru
     0 | D:1      | 0 ||| qw: Allow faded altars: false
     0 | D:1      | 0 ||| qw: Do Orc after D:15 true
     0 | D:1      | 0 ||| qw: Do second Lair branch before Depths: true
     0 | D:1      | 0 ||| qw: Lair rune preference: random
     0 | D:1      | 0 ||| qw: Plans: Normal, Zot:1-4, Slime:5, God:TSO, Crypt,
                  | Tomb, Abyss, Pan, Hells, Win
     0 | D:1      | 0 ||| PLANNING D:1-11
    37 | D:1      | Reached skill level 2 in Axes
   217 | D:1      | Reached XP level 2. HP: 19/19 MP: 2/2
   254 | D:1      | 254 ||| Stepping ~*~*~tactically~*~*~ (stealth).
   563 | D:1      | Reached skill level 3 in Axes
   796 | D:1      | Reached XP level 3. HP: 23/23 MP: 3/3
   885 | D:1      | 885 ||| UPGRADING to +0 cloak.
   890 | D:1      | 890 ||| UPGRADING to +0 pair of boots.
   895 | D:1      | 895 ||| READING 2 scrolls labelled UCZIMM AXIGRA.
   896 | D:1      | 896 ||| READING scroll labelled KAONUU USERHE.
   897 | D:1      | 897 ||| READING 2 scrolls labelled BEPHIGO IZIT.
   898 | D:1      | 898 ||| DROPPING scroll of fog.
   918 | D:2      | 918 ||| STAIRDANCE
   990 | D:2      | 990 ||| Stepping ~*~*~tactically~*~*~ (stealth).
   997 | D:2      | Reached XP level 4. HP: 28/28 MP: 4/4
   999 | D:2      | Reached skill level 4 in Axes
  1143 | D:2      | Reached XP level 5. HP: 13/32 MP: 5/5
  1226 | D:2      | 1226 ||| DROPPING +0 club.
  1349 | D:2      | Found a faded altar of an unknown god.
  1436 | D:2      | 1436 ||| READING scroll of enchant armour.
  1436 | D:2      | 1436 ||| ENCHANTING +0 pair of boots.
  1598 | D:2      | 1598 ||| UPGRADING to +0 plate armour.
  1608 | D:2      | 1608 ||| DROPPING +0 scale mail.
  1609 | D:2      | 1609 ||| READING 3 scrolls of identify.
  1609 | D:2      | 1609 ||| IDENTIFYING purple potion
  1610 | D:2      | 1610 ||| READING 2 scrolls of identify.
  1610 | D:2      | 1610 ||| IDENTIFYING grey potion
  1611 | D:2      | 1611 ||| DROPPING potion of ambrosia.
  1612 | D:2      | 1612 ||| DROPPING potion of invisibility.
  1672 | D:3      | Noticed Jessica
  1683 | D:3      | Killed Jessica
  1699 | D:3      | 1699 ||| Stepping ~*~*~tactically~*~*~ (hiding).
  1700 | D:3      | 1700 ||| Stepping ~*~*~tactically~*~*~ (stealth).
  1703 | D:3      | 1703 ||| Stepping ~*~*~tactically~*~*~ (stealth).
  1706 | D:3      | Reached skill level 5 in Axes
  1717 | D:3      | 1717 ||| FLEEEEING.
  1718 | D:3      | 1718 ||| FLEEEEING.
  1719 | D:3      | 1719 ||| FLEEEEING.
  1735 | D:3      | 1735 ||| DROPPING +0 whip.
  1739 | D:3      | 1739 ||| DROPPING +0 mace.
  1826 | D:3      | 1826 ||| Stepping ~*~*~tactically~*~*~ (stealth).
  1881 | D:3      | 1881 ||| READING scroll of enchant armour.
  1881 | D:3      | 1881 ||| ENCHANTING +1 pair of boots.
  2100 | D:3      | 2100 ||| Stepping ~*~*~tactically~*~*~ (stealth).
  2101 | D:3      | 2101 ||| Stepping ~*~*~tactically~*~*~ (stealth).
  2113 | D:3      | Killed from afar by an orc priest

Levels and vault maps discovered:
D:1:      matt_arrival_los_fun, layout_loops_corners
D:2:      layout_rooms, dilly_ecumenical_altar_fadedgnrine,
          corexii_hall_statues_u
D:3:      layout_basic, nrook_loot_triangle, uniq_natasha, uniq_jessica

Skill      XL: |  1  2  3  4  5 |
---------------+----------------+-----
Axes           | 2 3 4 5 |  5.0
Fighting       | 4 |  4.0
Armour         | |  3.2
Shields        | |  3.2

Action                     |  1- 3 |  4- 6 || total
---------------------------+-------+-------++-------
  Melee: War axe           |    89 |    88 ||   177
  Throw: Boomerang         |       |     8 ||     8
    Use: Scroll            |     3 |     4 ||     7
 Armour: Scale mail        |    52 |    28 ||    80
         Plate armour      |       |    37 ||    37
  Dodge: Dodged            |    43 |    35 ||    78
  Block: Buckler           |    15 |    18 ||    33

Table legend:
 A = Non-vault XP
 B = Vault XP
 C = Vault XP percentage of total XP
 D = Non-vault monster count
 E = Vault monster count
 F = Vault count percentage of total count
                 A         B        C        D         E       F
            +---------+---------+-------+---------+---------+-------
      Total |     259 |      37 |  12.5 |      67 |       1 |   1.5
            +---------+---------+-------+---------+---------+-------
        D:1 |      59 |       0 |   0.0 |      24 |       0 |   0.0
        D:2 |     128 |       0 |   0.0 |      30 |       0 |   0.0
        D:3 |      72 |      37 |  33.9 |      13 |       1 |   7.1
            +---------+---------+-------+---------+---------+-------
